 Dungeon Sprint DCSS version 0.17-a0-2220-g6fea741 (webtiles) character file.

188624 Kidiri the Imperceptible (level 16, -12/90 HPs)
             Began as a Spriggan Enchanter on Oct 28, 2015.
             Was the Champion of Dithmenos.
             Blown up by Boris (42 damage)
             ... with a wavering orb of destruction
             ... in the Dungeon (Sprint III: "The Ten Rune Challenge").
             The game lasted 01:19:19 (18188 turns).

Kidiri the Imperceptible (Spriggan Enchanter)      Turns: 18188, Time: 01:19:20

Health: -12/90     AC: 10    Str:  7    XL:     16   Next: 39%
Magic:  13/42      EV: 45    Int: 20    God:    Dithmenos [******]
Gold:   292        SH: 10    Dex: 22    Spells: 14 memorised, 5 levels left

rFire  + + .     SeeInvis +     B - +6 quick blade of Ydaivih {pierce, Dex+2}
rCold  + + +     Clarity  .     w - +1 robe of the Frog {Str+3}
rNeg   . . .     SustAt   .     J - +2 buckler {rC+ rF+}
rPois  +         Gourm    .     t - +2 hat {SInv}
rElec  +         Spirit   .     h - +2 cloak of Starlight {rElec rC+ EV+4 Stlth--}
rCorr  .         Warding  .     (gloves unavailable)
rMut   .         Stasis   +     (boots unavailable)
MR     +++..                    A - amulet of Ephemeral Luck {Stasis rF+ SInv}
Stlth  ++++++++++               q - ring of Vas Qoss {rPois rC+ Stlth+}
                                u - ring of flight

@: wreathed by umbra, very quick, extremely resistant to hostile enchantments,
uncannily stealthy
A: unfitting armour, rugged brown scales 1, see invisible, herbivore 3, speed 3,
magic resistance 1, poison resistance, slow metabolism 2, spit poison 1
a: Spit Poison, Shadow Step, Shadow Form, Renounce Religion, Evoke Flight
}: 4/10 runes: serpentine, barnacled, silver, golden


You were in the Dungeon.
You worshipped Dithmenos.
Dithmenos was exalted by your worship.
You were not hungry.

You visited 1 branch You collected 2926 gold pieces.
You spent 2634 gold pieces at shops.

Inventory:

Hand Weapons
 B - the +6 quick blade of Ydaivih (weapon) {pierce, Dex+2}
   (You found it in the Dungeon)

   It inflicts extra damage upon your enemies.
   It affects your dexterity (+2).
Missiles
 E - 4 throwing nets (quivered)
Armour
 h - the +2 cloak of Starlight (worn) {rElec rC+ EV+4 Stlth--}
   (You acquired it in the Dungeon)

   It affects your evasion (+4).
   It protects you from cold.
   It insulates you from electricity.
   It makes you much less stealthy.
 t - a +2 hat of see invisible (worn)
 w - the +1 robe of the Frog (worn) {Str+3}
   (You bought it in a shop in the Dungeon)

   It affects your strength (+3).
 J - a +2 buckler of resistance (worn)
 M - a gold dragon hide
Jewellery
 q - the ring of Vas Qoss (right hand) {rPois rC+ Stlth+}
   (You acquired it in the Dungeon)

   [ring of stealth]

   It protects you from cold.
   It protects you from poison.
   It makes you more stealthy.
 u - a ring of flight (left hand)
 x - an uncursed ring of sustain attributes
 A - the amulet of Ephemeral Luck (around neck) {Stasis rF+ SInv}
   (You acquired it in the Dungeon)

   [amulet of stasis]

   It prevents you from being teleported, slowed, hasted or paralysed.
   It protects you from fire.
   It lets you see invisible.
 Q - an uncursed amulet of resist corrosion
 T - an uncursed amulet of resist mutation
Wands
 c - a wand of disintegration (18)
 e - a wand of confusion (3)
 r - a wand of slowing (24)
 s - a wand of slowing (37)
 G - a wand of heal wounds (1)
Scrolls
 d - a scroll of fog
 j - a scroll of blinking
 k - 3 scrolls of amnesia
 m - a scroll of enchant weapon
 n - 2 scrolls of torment
 y - a scroll of silence
 H - a scroll of fear
 N - a scroll of holy word
 W - 4 scrolls of identify
Potions
 a - a potion of brilliance
 b - a potion of cure mutation
 g - 2 potions of haste
 i - a potion of might
 l - a potion of agility
 p - 8 potions of flight
 L - 4 potions of curing
Books
 v - the Grimoire of Confrontation
   (You found it in the Dungeon)

   Spells                             Type                      Level
   a - Searing Ray                    Conjuration                  2
   b - Throw Frost                    Conjuration/Ice              2
   c - Mephitic Cloud                 Conjuration/Poison/Air       3
   d - Iskenderun's Mystic Blast      Conjuration                  4
   e - Poisonous Cloud                Conjuration/Poison/Air       6
 z - the Collected Works on Earth
   (You found it in the Dungeon)

   Spells                             Type                      Level
   a - Sandblast                      Earth                        1
   b - Stone Arrow                    Conjuration/Earth            3
   c - Bolt of Magma                  Conjuration/Fire/Earth       5
 D - a book of the Earth

   Spells                             Type                      Level
   a - Leda's Liquefaction            Hexes/Earth                  4
   b - Bolt of Magma                  Conjuration/Fire/Earth       5
   c - Statue Form                    Transmutation/Earth          6
   d - Iron Shot                      Conjuration/Earth            6
   e - Shatter                        Earth                        9
Miscellaneous
 C - a lamp of fire
Comestibles
 o - 21 royal jellies


   Skills:
 + Level 11.6 Fighting
 * Level 19.5 Short Blades
 + Level 10.6 Armour
 * Level 24.0 Dodging
 * Level 25.9 Stealth
 * Level 5.0 Shields
 * Level 21.0 Spellcasting
 + Level 10.6 Conjurations
 + Level 15.8 Hexes
 + Level 12.7 Translocations
 + Level 12.0 Transmutations
 + Level 11.3 Ice Magic
 + Level 6.8 Air Magic
 + Level 8.6 Earth Magic
 + Level 7.3 Poison Magic
 - Level 8.9 Invocations
 + Level 7.3 Evocations


You had 5 spell levels left.
You knew the following spells:

 Your Spells              Type           Power        Failure   Level  Hunger
a - Corona                Hex            ######.      0%          1    None
b - Ensorcelled Hibernat  Hex/Ice        ######       0%          2    None
c - Confuse               Hex            ######..     0%          3    None
d - Tukima's Dance        Hex            ######..     0%          3    None
e - Dazzling Spray        Conj/Hex       ######..     1%          3    None
f - Passwall              Trmt/Erth      ######....   1%          3    None
g - Passage of Golubria   Tloc           N/A          1%          4    None
h - Lee's Rapid Deconstr  Erth           ######....   2%          5    None
i - Invisibility          Hex            ######..     1%          6    ####...
j - Darkness              Hex            ######....   1%          6    ####...
k - Mephitic Cloud        Conj/Pois/Air  ######..     1%          3    None
l - Cure Poison           Pois           ######....   1%          2    None
m - Venom Bolt            Conj/Pois      ######....   1%          5    None
n - Poisonous Cloud       Conj/Pois/Air  ######....   14%         6    ####...


Dungeon Overview and Level Annotations

Branches:
Dungeon (1/1)

Altars:
Cheibriados
Dithmenos
Elyvilon
Fedhas
Gozag
Kikubaaqudgha
Makhleb
Nemelex Xobeh
Okawaru
Qazlal
Ru
Sif Muna
Trog
Vehumet
Xom
Yredelemnul
Zin
The Shining One
Jiyva
Lugonu

Shops:
D [!::!(%}(!?![((:=?%

Annotations:
D Boris


Innate Abilities, Weirdness & Mutations

You are tiny and cannot use many weapons and most armour.
You have supernaturally acute eyesight.
You are a herbivore.
You cover ground extremely quickly.
You need consume almost no food.
You are partially covered in rugged brown scales (AC +1, +3% HP).
You are resistant to hostile enchantments.
Your system is resistant to poisons.
You can spit weak poison.


Message History

The blast of metal fragments hits the spectral iron dragon.
The spectral iron dragon is heavily damaged.
The blast of metal fragments hits Boris.
Boris is almost destroyed.
Boris hits you! Boris barely misses you.
Unknown command.
Casting: Lee's Rapid Deconstruction
Confirm with . or Enter, or press ? or * to list all spells.
Aiming: Lee's Rapid Deconstruction
Press: ? - help, Dir - move target cursor The metal wall shatters!
The blast of metal fragments hits the spectral iron dragon.
The spectral iron dragon is heavily damaged.
The blast of metal fragments hits Boris.
Boris is almost destroyed.
Boris mumbles some strange words.
Boris's fingertips start to glow.
Boris conjures a glowing orb.
The wavering orb of destruction weakly hits you!
You die...

.∩▓#∩.####################§#.....
.∩▓#∩...........##.#.#.#.#.......
.:▓##...........##...............
▓▓▓ ##############...............
************########'############
,,**,≈,,,,≈,#ZZ.###...##,*≈≈≈≈≈≈*
****≈,,,,,,≈#...##§....##+*,≈≈,≈*
≈≈**,,,,,,,,#.###§§.....#**,,,,≈*
≈,**,,,,,,,,+.ZL@§§.....+,,,,,,,,
≈,**,,,,,,,,#+###§§.....#****,,≈*
,,**≈,,,,,,≈*≈≈≈##§....##,,,**,≈*
,,**,≈,,,,≈,*+*+*##...##*,*,,**+*
,,*****++****,*,* ##+##**,**,**,,
,8**,,+,,,,,*+*****,≈≈≈+*,**,****
***********,*,,+∩∩*,≈≈,*,,**,,,,,
,,,*,,,* **,****∩∩*,≈≈,*******+**
,,,*,,,***,,,***,,*,,≈,*,,+≈⌠,,,≈


You could see Boris (invisible) and a spectral iron dragon.

Vanquished Creatures
  2 greater mummies (D)
  Norris (D)
  2 golden dragons (D)
  Rupert (D)
  2 liches (D)
  2 titans (D)
  A deep elf blademaster (D)
  2 sphinxes (D)
  Polyphemus (D)
  Gastronok (D)
  Harold (D)
  Chuck (D)
  4 shadow dragons (D)
  Ilsuiw (D)
  A greater naga (D)
  Maud (D)
  A frost giant (D)
  Azrael (D)
  2 deep elf annihilators (D)
  2 dire elephants (D)
  A merfolk javelineer (D)
  Snorg (D)
  A deep elf death mage (D)
  7 mummy priests (D)
  12 vault guards (D)
  An ogre mage (D)
  A fire dragon (D)
  A deep elf high priest (D)
  2 yaktaur captains (D)
  A hydra (D)
  A naga warrior (D)
  3 centaur warriors (D)
  3 anacondas (D)
  4 dancing weapons (D)
  4 death yaks (D)
  An iron golem (D)
  2 deep elf knights (D)
  4 hell knights (D)
  3 skeletal warriors (D)
  A golden dragon zombie (D)
  A sea snake (D)
  A spriggan druid (D)
  A death drake (D)
  An unseen horror (D)
  An obsidian statue (D)
  2 deep elf summoners (D)
  2 deep elf conjurers (D)
  A lindwurm (D)
  Joseph (D)
  4 crystal guardians (D)
  A wolf spider (shapeshifter) (D)
  A griffon (shapeshifter) (D)
  2 elephants (D)
  10 ugly things (D)
  4 statues (D)
  6 black mambas (D)
  An orange crystal statue (D)
  2 spiny frogs (D)
  3 yaktaurs (D)
  A fire drake (D)
  A komodo dragon (D)
  A guardian serpent (D)
  An anaconda simulacrum (D)
  2 deep elf priests (D)
  3 wandering mushrooms (D)
  4 spriggan defenders (D)
  19 guardian mummies (D)
  3 orc high priests (D)
  A queen bee (D)
  8 blink frogs (D)
  3 redbacks (D)
  A slime creature (D)
  2 spriggans (D)
  A shadow (D)
  2 nagas (D)
  A spatial vortex (D)
  5 water moccasins (D)
  A hydra simulacrum (D)
  An iron troll simulacrum (D)
  3 orc warriors (D)
  2 centaurs (D)
  A swamp drake (D)
  A necrophage (D)
  An earth elemental (D)
  2 brain worms (D)
  A water elemental (D)
  A scorpion (D)
  32 killer bees (D)
  An electric eel (D)
  A jelly (D)
  3 orc priests (D)
  A wizard (D)
  2 orc wizards (D)
  Jessica (D)
  2 necromancers (D)
  3 sheep (D)
  3 humans (D)
  A kobold demonologist (D)
  An adder (D)
  An adder (shapeshifter) (D)
  A giant eyeball (D)
  9 orcs (D)
  3 rats (D)
  5 butterflies (D)
  2 plants (D)
274 creatures vanquished.

Vanquished Creatures (collateral kills)
  A frost giant (D)
  4 vault guards (D)
  A skeletal warrior (D)
  An orc knight (D)
  A fire bat (shapeshifter) (D)
  An orc (D)
9 creatures vanquished.

Vanquished Creatures (others)
  2 draconian scorchers (D)
  A hydra (D)
  3 dancing weapons (D)
  3 yaktaurs (D)
  A guardian mummy (D)
  4 bushes (D)
  3 plants (D)
17 creatures vanquished.

Grand Total: 300 creatures vanquished

Notes
Turn   | Place    | Note
--------------------------------------------------------------
     0 | D        | Kidiri the Spriggan Enchanter began the quest for the Orb.
     0 | D        | Reached XP level 1. HP: 9/9 MP: 5/5
    28 | D        | Noticed Jessica
    55 | D        | Killed Jessica
    55 | D        | Reached skill level 1 in Fighting
    55 | D        | Reached skill level 1 in Armour
    55 | D        | Reached skill level 5 in Stealth
    55 | D        | Reached XP level 2. HP: 11/14 MP: 4/7
   116 | D        | Killed a yaktaur
   129 | D        | Learned a level 2 spell: Ensorcelled Hibernation
   223 | D        | Killed a white draconian scorcher
   238 | D        | Killed a white draconian scorcher
   240 | D        | Noticed a scorpion
   252 | D        | Killed a scorpion
   252 | D        | Reached skill level 5 in Dodging
   252 | D        | Reached skill level 6 in Stealth
   252 | D        | Reached XP level 3. HP: 9/18 MP: 3/10
   252 | D        | Reached XP level 4. HP: 11/22 MP: 3/11
   324 | D        | Learned a level 3 spell: Confuse
   328 | D        | Learned a level 3 spell: Dazzling Spray
   538 | D        | Learned a level 3 spell: Tukima's Dance
   556 | D        | Reached skill level 7 in Stealth
   556 | D        | Reached skill level 1 in Ice Magic
   572 | D        | Gained mutation: You are frail (-10% HP). [potion of mutation]
   572 | D        | Gained mutation: Your system is resistant to poisons. [potion of mutation]
   573 | D        | Lost mutation: You are frail (-10% HP). [potion of mutation]
   573 | D        | Gained mutation: You are resistant to hostile enchantments. [potion of mutation]
   573 | D        | Gained mutation: You can spit weak poison. [potion of mutation]
   618 | D        | Noticed a water elemental
   642 | D        | Killed a water elemental
   642 | D        | Reached skill level 8 in Stealth
   642 | D        | Reached skill level 5 in Spellcasting
   642 | D        | Reached skill level 5 in Hexes
   642 | D        | Reached XP level 5. HP: 19/26 MP: 0/14
   803 | D        | Noticed a jelly
   804 | D        | Noticed a shadow
   862 | D        | Killed a shadow
   862 | D        | Reached skill level 5 in Short Blades
   862 | D        | Reached skill level 9 in Stealth
   862 | D        | Reached skill level 1 in Conjurations
   862 | D        | Reached XP level 6. HP: 12/32 MP: 8/16
  1094 | D        | Killed a jelly
  1110 | D        | Found a stormy altar of Qazlal.
  1111 | D        | Noticed a spatial vortex
  1111 | D        | Killed a spatial vortex
  1111 | D        | Reached skill level 10 in Stealth
  1112 | D        | Found a sacrificial altar of Ru.
  1112 | D        | Found a burning altar of Makhleb.
  1112 | D        | Found a viscous altar of Jiyva.
  1112 | D        | Found a shimmering altar of Xom.
  1112 | D        | Found a shadowy altar of Dithmenos.
  1112 | D        | Found a sparkling altar of Nemelex Xobeh.
  1112 | D        | Found a corrupted altar of Lugonu.
  1112 | D        | Found an opulent altar of Gozag.
  1116 | D        | Became a worshipper of Dithmenos the Shadowed
  1141 | D        | Found a radiant altar of Vehumet.
  1142 | D        | Found a deep blue altar of Sif Muna.
  1142 | D        | Found an ancient bone altar of Kikubaaqudgha.
  1142 | D        | Noticed a wizard
  1143 | D        | Killed a wizard
  1145 | D        | Reached * piety under Dithmenos
  1162 | D        | Found a glowing silver altar of Zin.
  1163 | D        | Found a glowing golden altar of the Shining One.
  1163 | D        | Found a white marble altar of Elyvilon.
  1163 | D        | Noticed a deep elf priest
  1173 | D        | Killed a deep elf priest
  1173 | D        | Reached skill level 1 in Invocations
  1173 | D        | Reached XP level 7. HP: 19/36 MP: 5/19
  1297 | D        | Found an iron altar of Okawaru.
  1298 | D        | Found a bloodstained altar of Trog.
  1298 | D        | Noticed a human
  1298 | D        | Noticed a human
  1300 | D        | Killed a human
  1300 | D        | Reached skill level 11 in Stealth
  1301 | D        | Killed a human
  1301 | D        | Reached ** piety under Dithmenos
  1301 | D        | Reached skill level 10 in Dodging
  1315 | D        | Found a snail-covered altar of Cheibriados.
  1315 | D        | Noticed a necrophage
  1317 | D        | Noticed a necromancer
  1320 | D        | Killed a necrophage
  1320 | D        | Reached XP level 8. HP: 40/42 MP: 14/21
  1334 | D        | Killed a necromancer
  1335 | D        | Found a basalt altar of Yredelemnul.
  1335 | D        | Found a blossoming altar of Fedhas.
  1468 | D        | Noticed Snorg
  1486 | D        | Killed Snorg
  1486 | D        | Reached skill level 12 in Stealth
  1589 | D        | Noticed an earth elemental
  1592 | D        | Killed an earth elemental
  1597 | D        | Noticed a centaur
  1597 | D        | Noticed a centaur warrior
  1597 | D        | Noticed a centaur
  1600 | D        | Killed a centaur
  1600 | D        | Reached skill level 10 in Spellcasting
  1600 | D        | Reached XP level 9. HP: 37/46 MP: 16/24
  1607 | D        | Killed a centaur warrior
  1607 | D        | Reached *** piety under Dithmenos
  1607 | D        | Reached skill level 13 in Stealth
  1609 | D        | Killed a centaur
  1717 | D        | Noticed an unseen horror
  1719 | D        | Killed an unseen horror
  1719 | D        | Reached skill level 5 in Fighting
  1729 | D        | Noticed a killer bee
  1729 | D        | Noticed a killer bee
  1729 | D        | Noticed a killer bee
  1729 | D        | Noticed a killer bee
  1729 | D        | Noticed a killer bee
  1729 | D        | Noticed a killer bee
  1729 | D        | Noticed a queen bee
  1729 | D        | Noticed a killer bee
  1729 | D        | Noticed a killer bee
  1729 | D        | Noticed a killer bee
  1729 | D        | Noticed a killer bee
  1729 | D        | Noticed a killer bee
  1729 | D        | Noticed a killer bee
  1729 | D        | Noticed a killer bee
  1729 | D        | Noticed a killer bee
  1730 | D        | Noticed a killer bee
  1730 | D        | Noticed a killer bee
  1730 | D        | Noticed a killer bee
  1730 | D        | Noticed a killer bee
  1730 | D        | Noticed a killer bee
  1730 | D        | Noticed a killer bee
  1730 | D        | Noticed a killer bee
  1730 | D        | Noticed a killer bee
  1730 | D        | Noticed a killer bee
  1730 | D        | Noticed a killer bee
  1730 | D        | Noticed a killer bee
  1730 | D        | Noticed a killer bee
  1730 | D        | Noticed a killer bee
  1730 | D        | Noticed a killer bee
  1730 | D        | Noticed a killer bee
  1730 | D        | Noticed a killer bee
  1730 | D        | Noticed a killer bee
  1730 | D        | Noticed a killer bee
  1731 | D        | Killed a killer bee
  1732 | D        | Killed a killer bee
  1739 | D        | Killed a killer bee
  1739 | D        | Reached **** piety under Dithmenos
  1745 | D        | Killed a killer bee
  1751 | D        | Killed a killer bee
  1753 | D        | Killed a killer bee
  1755 | D        | Killed a killer bee
  1758 | D        | Killed a killer bee
  1760 | D        | Killed a killer bee
  1760 | D        | Reached ***** piety under Dithmenos
  1760 | D        | Reached skill level 10 in Short Blades
  1775 | D        | Killed a killer bee
  1790 | D        | Killed a killer bee
  2074 | D        | Killed a killer bee
  2075 | D        | Killed a killer bee
  2075 | D        | Reached skill level 14 in Stealth
  2081 | D        | Killed a killer bee
  2083 | D        | Killed a killer bee
  2085 | D        | Killed a killer bee
  2085 | D        | Reached XP level 10. HP: 51/51 MP: 19/26
  2087 | D        | Killed a killer bee
  2089 | D        | Killed a killer bee
  2091 | D        | Killed a killer bee
  2093 | D        | Killed a killer bee
  2095 | D        | Killed a killer bee
  2095 | D        | Reached skill level 5 in Ice Magic
  2097 | D        | Killed a killer bee
  2099 | D        | Killed a killer bee
  2099 | D        | Reached ****** piety under Dithmenos
  2101 | D        | Killed a killer bee
  2103 | D        | Killed a killer bee
  2105 | D        | Killed a killer bee
  2238 | D        | Killed a killer bee
  2238 | D        | Reached skill level 5 in Invocations
  2241 | D        | Killed a killer bee
  2246 | D        | Killed a killer bee
  2249 | D        | Killed a queen bee
  2252 | D        | Killed a killer bee
  2256 | D        | Killed a killer bee
  2265 | D        | Killed a killer bee
  2439 | D        | Noticed a wandering mushroom
  2440 | D        | Noticed a wandering mushroom
  2440 | D        | Noticed a wandering mushroom
  2442 | D        | Killed a wandering mushroom
  2442 | D        | Reached skill level 5 in Armour
  2454 | D        | Killed a wandering mushroom
  2458 | D        | Killed a wandering mushroom
  2590 | D        | Noticed a spiny frog
  2590 | D        | Noticed a komodo dragon
  2590 | D        | Noticed a spiny frog
  2593 | D        | Killed a spiny frog
  2601 | D        | Killed a komodo dragon
  2601 | D        | Reached skill level 15 in Stealth
  2603 | D        | Killed a spiny frog
  2607 | D        | Killed a yaktaur
  2641 | D        | Noticed a redback
  2643 | D        | Killed a redback
  2644 | D        | Noticed a brain worm
  2647 | D        | Killed a brain worm
  2650 | D        | Noticed a brain worm
  2652 | D        | Killed a brain worm
  2652 | D        | Reached skill level 5 in Conjurations
  2655 | D        | Noticed a lindwurm
  2657 | D        | Noticed a redback
  2658 | D        | Killed a lindwurm
  2660 | D        | Killed a redback
  2664 | D        | Noticed a redback
  2665 | D        | Killed a redback
  2666 | D        | Noticed Maud
  2668 | D        | Killed Maud
  2668 | D        | Reached XP level 11. HP: 58/58 MP: 28/28
  2671 | D        | Noticed an electric eel
  2672 | D        | Noticed a five-headed hydra
  2672 | D        | Noticed an eight-headed hydra
  2673 | D        | Killed an electric eel
  2678 | D        | Killed an eight-headed hydra
  2678 | D        | Reached skill level 16 in Stealth
  2678 | D        | Reached skill level 10 in Hexes
  2680 | D        | Noticed a death drake
  2743 | D        | Killed a five-headed hydra
  2963 | D        | Killed a death drake
  2995 | D        | Found a blossoming altar of Fedhas.
  2995 | D        | Noticed a spriggan
  2995 | D        | Noticed a spriggan druid
  2995 | D        | Noticed a spriggan
  2997 | D        | Killed a spriggan druid
  2997 | D        | Reached skill level 15 in Dodging
  2998 | D        | Killed a spriggan
  2999 | D        | Killed a spriggan
  3025 | D        | Noticed an anaconda
  3025 | D        | Noticed an anaconda
  3025 | D        | Noticed a water moccasin
  3027 | D        | Killed an anaconda
  3032 | D        | Killed a water moccasin
  3034 | D        | Killed an anaconda
  3191 | D        | Noticed a water moccasin
  3191 | D        | Noticed a water moccasin
  3191 | D        | Noticed a water moccasin
  3191 | D        | Noticed a black mamba
  3191 | D        | Noticed a black mamba
  3191 | D        | Noticed an anaconda
  3192 | D        | Killed a black mamba
  3194 | D        | Killed an anaconda
  3194 | D        | Reached skill level 17 in Stealth
  3196 | D        | Killed a water moccasin
  3199 | D        | Killed a black mamba
  3201 | D        | Killed a water moccasin
  3203 | D        | Killed a water moccasin
  3207 | D        | Noticed a black mamba
  3207 | D        | Noticed a water moccasin
  3214 | D        | Killed a black mamba
  3216 | D        | Killed a water moccasin
  3241 | D        | Noticed a black mamba
  3243 | D        | Killed a black mamba
  3245 | D        | Noticed a naga
  3245 | D        | Noticed a naga
  3246 | D        | Noticed a naga warrior
  3246 | D        | Noticed a greater naga
  3246 | D        | Found Ugo Taymno's Book Shop.
  3246 | D        | Found Golu's Distillery.
  3247 | D        | Killed a naga
  3248 | D        | Killed a naga
  3249 | D        | Found Hasikuk's Antique Weapon Boutique.
  3335 | D        | Killed a yaktaur
  3577 | D        | Killed a greater naga
  3577 | D        | Reached XP level 12. HP: 55/63 MP: 18/31
  3666 | D        | Killed a naga warrior
  3724 | D        | Noticed a guardian serpent
  3730 | D        | Killed a guardian serpent
  3733 | D        | Got a serpentine rune of Zot
  3813 | D        | Noticed a swamp drake
  3813 | D        | Noticed a fire drake
  3814 | D        | Killed a fire drake
  3819 | D        | Killed a swamp drake
  3894 | D        | Noticed a blink frog
  3894 | D        | Noticed a blink frog
  3894 | D        | Noticed a blink frog
  3894 | D        | Noticed a blink frog
  3906 | D        | Noticed a blink frog
  3908 | D        | Killed a blink frog
  3909 | D        | Killed a blink frog
  3919 | D        | Killed a blink frog
  3921 | D        | Killed a blink frog
  3921 | D        | Reached skill level 18 in Stealth
  4203 | D        | Killed a blink frog
  4221 | D        | Noticed Rupert
  4226 | D        | Killed Rupert
  4233 | D        | Noticed a death yak
  4234 | D        | Noticed a death yak
  4234 | D        | Noticed a blink frog
  4235 | D        | Noticed an azure jelly
  4235 | D        | Noticed a death yak
  4235 | D        | Noticed an azure jelly
  4235 | D        | Noticed a blink frog
  4235 | D        | Noticed a death yak
  4236 | D        | Killed a death yak
  4237 | D        | Killed a death yak
  4237 | D        | Reached skill level 15 in Spellcasting
  4238 | D        | Killed a blink frog
  4239 | D        | Noticed a blink frog
  4239 | D        | Noticed a black mamba
  4240 | D        | Killed a death yak
  4241 | D        | Noticed a black mamba
  4242 | D        | Killed a death yak
  4243 | D        | Killed a blink frog
  4244 | D        | Killed a blink frog
  4246 | D        | Killed a black mamba
  4247 | D        | Killed a black mamba
  4293 | D        | Noticed Polyphemus
  4309 | D        | Noticed Ilsuiw
  4310 | D        | Killed Polyphemus
  4310 | D        | Reached skill level 19 in Stealth
  4312 | D        | Killed Ilsuiw
  4392 | D        | Found Kiorav's Antique Armour Shoppe.
  4392 | D        | Found Kirusew's Distillery.
  4392 | D        | Found Ofudoceps's Book Emporium.
  4392 | D        | Noticed a sea snake
  4392 | D        | Noticed a merfolk javelineer
  4394 | D        | Killed a sea snake
  4394 | D        | Reached XP level 13. HP: 69/69 MP: 28/33
  4400 | D        | Killed a merfolk javelineer
  4418 | D        | Got a barnacled rune of Zot
  4490 | D        | Noticed an azure jelly
  4490 | D        | Noticed an azure jelly
  4491 | D        | Noticed an elephant
  4491 | D        | Noticed an elephant
  4491 | D        | Noticed a dire elephant
  4491 | D        | Noticed a dire elephant
  4491 | D        | Noticed Gastronok
  4493 | D        | Killed Gastronok
  4494 | D        | Killed a dire elephant
  4496 | D        | Killed a dire elephant
  4500 | D        | Killed an elephant
  4500 | D        | Reached skill level 20 in Stealth
  4501 | D        | Killed an elephant
  4686 | D        | Found Wehab's Food Boutique.
  4686 | D        | Noticed an orc wizard
  4692 | D        | Noticed an orc warrior
  4693 | D        | Noticed an orc priest
  4693 | D        | Noticed an orc knight
  4693 | D        | Noticed an orc warrior
  4693 | D        | Noticed an orc warrior
  4693 | D        | Noticed an orc wizard
  4693 | D        | Noticed an orc priest
  4694 | D        | Killed an orc wizard
  4696 | D        | Killed an orc priest
  4698 | D        | Killed an orc priest
  4704 | D        | Killed an orc wizard
  4706 | D        | Killed an orc knight
  4708 | D        | Killed an orc warrior
  4726 | D        | Killed an orc warrior
  4731 | D        | Killed an orc warrior
  5121 | D        | Bought a book of Burglary for 750 gold pieces
  5125 | D        | Learned a level 3 spell: Passwall
  5130 | D        | Learned a level 4 spell: Passage of Golubria
  5136 | D        | Learned a level 5 spell: Lee's Rapid Deconstruction
  5143 | D        | Learned a level 6 spell: Invisibility
  5150 | D        | Learned a level 6 spell: Darkness
  5290 | D        | Bought a glowing hat for 104 gold pieces
  5290 | D        | Bought a fabulously ornate robe for 148 gold pieces
  5290 | D        | Bought a glowing cloak for 117 gold pieces
  5310 | D        | Identified the cursed +1 robe of the Frog {Str+3} (You bought it in a shop in the Dungeon)
  5462 | D        | Noticed a deep elf priest
  5462 | D        | Noticed a deep elf summoner
  5462 | D        | Noticed a deep elf summoner
  5462 | D        | Noticed a deep elf knight
  5462 | D        | Noticed a deep elf knight
  5468 | D        | Noticed a deep elf annihilator
  5470 | D        | Killed a deep elf knight
  5470 | D        | Reached skill level 15 in Short Blades
  5473 | D        | Killed a deep elf priest
  5474 | D        | Noticed a deep elf conjurer
  5477 | D        | Killed a deep elf summoner
  5477 | D        | Reached skill level 1 in Translocations
  5477 | D        | Reached skill level 1 in Transmutations
  5477 | D        | Reached skill level 1 in Earth Magic
  5479 | D        | Killed a deep elf knight
  5570 | D        | Noticed a deep elf annihilator
  5573 | D        | Noticed a deep elf conjurer
  5574 | D        | Noticed a deep elf high priest
  5574 | D        | Noticed a deep elf death mage
  5578 | D        | Noticed a deep elf blademaster
  5633 | D        | Killed a deep elf annihilator
  5784 | D        | Killed a deep elf death mage
  5897 | D        | Killed a deep elf conjurer
  6068 | D        | Killed a deep elf conjurer
  6478 | D        | Killed a deep elf summoner
  6718 | D        | Killed a deep elf high priest
  6800 | D        | Killed a deep elf annihilator
  6988 | D        | Got a jewelled long sword {pain}
  7000 | D        | Identified the Volume of Noxious Execration
  7140 | D        | Learned a level 3 spell: Mephitic Cloud
  7143 | D        | Learned a level 2 spell: Cure Poison
  7189 | D        | Killed a deep elf blademaster
  7189 | D        | Reached skill level 21 in Stealth
  7241 | D        | Learned a level 5 spell: Venom Bolt
  7378 | D        | Noticed Harold
  7378 | D        | Noticed Joseph
  7380 | D        | Killed Harold
  7381 | D        | Killed Joseph
  7505 | D        | Noticed an orc high priest
  7505 | D        | Noticed an orc priest
  7506 | D        | Noticed an orc high priest
  7508 | D        | Noticed an orc high priest
  7538 | D        | Killed an orc priest
  7542 | D        | Killed an orc high priest
  7543 | D        | Killed an orc high priest
  7543 | D        | Reached skill level 5 in Translocations
  7544 | D        | Killed an orc high priest
  7707 | D        | Noticed a spriggan defender
  7708 | D        | Noticed a spriggan defender
  7708 | D        | Noticed a spriggan defender
  7708 | D        | Noticed a spriggan defender
  7715 | D        | Killed a spriggan defender
  7717 | D        | Killed a spriggan defender
  7726 | D        | Killed a spriggan defender
  7727 | D        | Killed a spriggan defender
  7982 | D        | Noticed an orange crystal statue
  7990 | D        | Killed an orange crystal statue
  8088 | D        | Found Yngah's Antique Armour Emporium.
  8088 | D        | Found Fijanus's Antique Weapon Shop.
  8088 | D        | Found Qezaach's Magic Scroll Boutique.
  8088 | D        | Found Fofughaq's Food Shoppe.
  8088 | D        | Found Dechet's Distillery.
  8088 | D        | Found Vuapuc's Weapon Emporium.
  8088 | D        | Found Kumav's Distillery.
  8088 | D        | Found Dukux's Magic Scroll Shop.
  8088 | D        | Found Zequfo's Antique Weapon Shop.
  8088 | D        | Found Wuol's Jewellery Emporium.
  8088 | D        | Found Ahowekky's Gadget Emporium.
  8088 | D        | Found Tusum's Book Boutique.
  8105 | D        | Bought a potion of beneficial mutation for 420 gold pieces
  8105 | D        | Gained mutation: You are partially covered in rugged brown scales (AC +1, +3% HP). [potion of beneficial mutation]
  8131 | D        | Bought an uncursed ring of flight for 192 gold pieces
  8183 | D        | Noticed a cyan ugly thing
  8188 | D        | Killed a cyan ugly thing
  8188 | D        | Reached skill level 5 in Transmutations
  8189 | D        | Noticed a brown ugly thing
  8193 | D        | Identified the Grimoire of Confrontation
  8199 | D        | Killed a brown ugly thing
  8199 | D        | Reached XP level 14. HP: 77/77 MP: 30/36
  8211 | D        | Identified the Collected Works on Earth
  8223 | D        | Noticed a centaur warrior
  8223 | D        | Noticed a cyan ugly thing
  8225 | D        | Killed a cyan ugly thing
  8227 | D        | Killed a centaur warrior
  8235 | D        | Noticed a fire dragon
  8236 | D        | Killed a fire dragon
  8256 | D        | Noticed a scimitar of holy wrath
  8256 | D        | Noticed a flail of crushing
  8256 | D        | Noticed a hand axe of draining
  8257 | D        | Noticed a scimitar of freezing
  8258 | D        | Killed a flail of crushing
  8260 | D        | Killed a scimitar of freezing
  8262 | D        | Killed a scimitar of holy wrath
  8265 | D        | Killed a hand axe of draining
  8270 | D        | Got a translucent quick blade
  8272 | D        | Identified the +6 quick blade of Ydaivih {pierce, Dex+2} (You found it in the Dungeon)
  8325 | D        | Bought a scroll of identify for 26 gold pieces
  8325 | D        | Bought a scroll of identify for 26 gold pieces
  8325 | D        | Bought a scroll of identify for 26 gold pieces
  8325 | D        | Bought a scroll of enchant armour for 97 gold pieces
  8333 | D        | Bought a scroll of identify for 20 gold pieces
  8399 | D        | Noticed a green ugly thing
  8399 | D        | Noticed a brown ugly thing
  8400 | D        | Noticed a yaktaur captain
  8400 | D        | Noticed a white ugly thing
  8402 | D        | Killed a green ugly thing
  8403 | D        | Noticed a cyan ugly thing
  8403 | D        | Noticed an eye of devastation
  8404 | D        | Killed a brown ugly thing
  8405 | D        | an eye of devastation changed into a wolf spider
  8406 | D        | Killed a white ugly thing
  8408 | D        | Killed a cyan ugly thing
  8421 | D        | Noticed a sea snake
  8431 | D        | a sea snake changed into a mana viper
  8544 | D        | Killed a yaktaur captain
  8618 | D        | Noticed a brown ugly thing
  8619 | D        | Noticed a griffon
  8619 | D        | Noticed Chuck
  8620 | D        | Killed a brown ugly thing
  8620 | D        | Reached skill level 22 in Stealth
  8623 | D        | Killed a griffon
  9065 | D        | Killed Chuck
  9186 | D        | Noticed a cyan ugly thing
  9187 | D        | Noticed Norris
  9188 | D        | Killed a cyan ugly thing
  9190 | D        | Killed Norris
  9230 | D        | Noticed a slime creature
  9232 | D        | Killed a slime creature
  9245 | D        | Noticed a lich
  9248 | D        | Killed a lich
  9248 | D        | Reached skill level 10 in Fighting
  9248 | D        | Reached skill level 5 in Earth Magic
  9263 | D        | Noticed a shadow dragon
  9263 | D        | Noticed an ogre mage
  9263 | D        | Noticed a shadow dragon
  9264 | D        | Noticed a purple ugly thing
  9265 | D        | Killed a shadow dragon
  9265 | D        | Reached skill level 1 in Air Magic
  9265 | D        | Reached skill level 1 in Poison Magic
  9266 | D        | Killed a shadow dragon
  9267 | D        | Killed an ogre mage
  9269 | D        | Killed a purple ugly thing
  9279 | D        | Noticed an obsidian statue
  9292 | D        | Killed an obsidian statue
  9463 | D        | Noticed a skeletal warrior
  9464 | D        | Noticed an iron golem
  9465 | D        | Killed a skeletal warrior
  9466 | D        | Killed an iron golem
  9471 | D        | Noticed a necromancer
  9473 | D        | Killed a necromancer
  9607 | D        | Noticed a hell knight
  9607 | D        | Noticed a hell knight
  9610 | D        | Killed a hell knight
  9613 | D        | Noticed a hell knight
  9613 | D        | Killed a hell knight
  9613 | D        | Reached skill level 23 in Stealth
  9616 | D        | Killed a hell knight
  9617 | D        | Noticed a hell knight
  9625 | D        | Killed a hell knight
  9690 | D        | Noticed a lich
  9692 | D        | Killed a lich
  9692 | D        | Reached skill level 10 in Ice Magic
  9734 | D        | Noticed a guardian mummy
  9734 | D        | Noticed a guardian mummy
  9735 | D        | Noticed a sphinx
  9735 | D        | Noticed a sphinx
  9736 | D        | Killed a guardian mummy
  9737 | D        | Killed a guardian mummy
  9752 | D        | Killed a sphinx
  9752 | D        | Reached XP level 15. HP: 23/82 MP: 6/38
  9752 | D        | Killed a sphinx
 10048 | D        | Noticed a guardian mummy
 10048 | D        | Noticed a guardian mummy
 10049 | D        | Noticed a guardian mummy
 10051 | D        | Killed a guardian mummy
 10052 | D        | Killed a guardian mummy
 10107 | D        | Killed a guardian mummy
 10125 | D        | Noticed a mummy priest
 10125 | D        | Noticed a mummy priest
 10127 | D        | Killed a mummy priest
 10130 | D        | Killed a mummy priest
 10133 | D        | Noticed a guardian mummy
 10222 | D        | Killed a guardian mummy
 10273 | D        | Noticed a guardian mummy
 10273 | D        | Noticed a guardian mummy
 10276 | D        | Killed a guardian mummy
 10279 | D        | Killed a guardian mummy
 10437 | D        | Noticed a guardian mummy
 10437 | D        | Noticed a guardian mummy
 10439 | D        | Killed a guardian mummy
 10440 | D        | Noticed a guardian mummy
 10441 | D        | Noticed a mummy priest
 10446 | D        | Killed a guardian mummy
 10448 | D        | Killed a guardian mummy
 10450 | D        | Killed a mummy priest
 10821 | D        | Noticed a vault guard
 10821 | D        | Noticed a vault guard
 10821 | D        | Noticed a vault guard
 10821 | D        | Noticed a vault guard
 10821 | D        | Noticed a vault guard
 10823 | D        | Noticed a vault guard
 10823 | D        | Noticed a vault guard
 10823 | D        | Noticed a vault guard
 10823 | D        | Noticed a vault guard
 10823 | D        | Noticed a vault guard
 10823 | D        | Noticed a vault guard
 10823 | D        | Noticed a vault guard
 10824 | D        | Noticed a titan
 10824 | D        | Noticed a vault guard
 10825 | D        | Noticed a golden dragon
 10825 | D        | Noticed a titan
 10825 | D        | Noticed a vault guard
 10826 | D        | Noticed a skeletal warrior
 10826 | D        | Noticed a frost giant
 10826 | D        | Noticed a vault guard
 10827 | D        | Noticed a golden dragon
 10827 | D        | Noticed a frost giant
 10827 | D        | Noticed a vault guard
 10827 | D        | Noticed a deep troll
 10827 | D        | a deep troll changed into a death drake
 10828 | D        | Noticed a shadow dragon
 10828 | D        | Noticed a shadow dragon
 10829 | D        | Killed a vault guard
 10829 | D        | Reached skill level 10 in Translocations
 10844 | D        | Killed a vault guard
 10928 | D        | Killed a vault guard
 10933 | D        | Killed a vault guard
 10938 | D        | Noticed a centaur warrior
 10941 | D        | Killed a centaur warrior
 11017 | D        | Killed a shadow dragon
 11033 | D        | Killed a vault guard
 11132 | D        | Killed a vault guard
 11597 | D        | Killed a vault guard
 11597 | D        | Reached skill level 24 in Stealth
 11682 | D        | Killed a vault guard
 11682 | D        | Reached skill level 1 in Evocations
 11833 | D        | Killed a golden dragon
 11833 | D        | Reached skill level 10 in Transmutations
 12240 | D        | Killed a vault guard
 12318 | D        | Killed a vault guard
 12318 | D        | Reached skill level 5 in Poison Magic
 12333 | D        | Killed a shadow dragon
 12503 | D        | Killed a frost giant
 12503 | D        | Reached skill level 10 in Armour
 12503 | D        | Reached skill level 5 in Air Magic
 12553 | D        | Killed a frost giant
 12613 | D        | Killed a vault guard
 12613 | D        | Reached skill level 15 in Hexes
 12625 | D        | Killed a skeletal warrior
 12638 | D        | Killed a vault guard
 12712 | D        | Killed a vault guard
 12818 | D        | Killed a vault guard
 12830 | D        | Killed a vault guard
 12959 | D        | Killed a titan
 12959 | D        | Reached skill level 10 in Conjurations
 13071 | D        | Noticed a skeletal warrior
 13093 | D        | Killed a skeletal warrior
 13398 | D        | Killed a vault guard
 13404 | D        | Got a crystal dagger {antimagic}
 13405 | D        | Identified the +8 dagger of Dismemberment {antimagic, Int+5} (You found it in the Dungeon)
 13578 | D        | Killed a titan
 13578 | D        | Reached skill level 1 in Shields
 14462 | D        | Bought a scroll of enchant armour for 97 gold pieces
 14465 | D        | Bought a potion of magic for 88 gold pieces
 14465 | D        | Bought a potion of curing for 33 gold pieces
 14465 | D        | Bought a potion of curing for 33 gold pieces
 14594 | D        | Bought a potion of curing for 36 gold pieces
 14594 | D        | Bought a potion of magic for 96 gold pieces
 14594 | D        | Bought a potion of curing for 36 gold pieces
 14594 | D        | Bought a potion of magic for 96 gold pieces
 14594 | D        | Bought a potion of magic for 96 gold pieces
 14828 | D        | Killed a golden dragon
 14828 | D        | Reached skill level 25 in Stealth
 14828 | D        | Reached skill level 5 in Evocations
 14982 | D        | Got a silver rune of Zot
 15123 | D        | Bought a scroll of holy word for 97 gold pieces
 15134 | D        | Noticed a crystal guardian
 15134 | D        | Noticed a crystal guardian
 15134 | D        | Noticed a crystal guardian
 15134 | D        | Noticed a crystal guardian
 15135 | D        | Killed a crystal guardian
 15138 | D        | Killed a crystal guardian
 15141 | D        | Killed a crystal guardian
 15150 | D        | Killed a crystal guardian
 15412 | D        | Noticed a guardian mummy
 15412 | D        | Noticed a guardian mummy
 15412 | D        | Noticed a mummy priest
 15412 | D        | Noticed a guardian mummy
 15412 | D        | Noticed a guardian mummy
 15412 | D        | Noticed a mummy priest
 15412 | D        | Noticed a greater mummy
 15412 | D        | Noticed a guardian mummy
 15412 | D        | Noticed a guardian mummy
 15412 | D        | Noticed a mummy priest
 15412 | D        | Noticed a greater mummy
 15412 | D        | Noticed a guardian mummy
 15412 | D        | Noticed a guardian mummy
 15412 | D        | Noticed a mummy priest
 15412 | D        | Noticed a guardian mummy
 15413 | D        | Killed a guardian mummy
 15422 | D        | Killed a guardian mummy
 15426 | D        | Killed a guardian mummy
 15433 | D        | Killed a guardian mummy
 15439 | D        | Killed a guardian mummy
 15445 | D        | Killed a guardian mummy
 15452 | D        | Killed a guardian mummy
 15452 | D        | Reached XP level 16. HP: 68/89 MP: 27/41
 15994 | D        | Killed a mummy priest
 16003 | D        | Killed a mummy priest
 16221 | D        | Killed a mummy priest
 16540 | D        | Killed a guardian mummy
 16554 | D        | Killed a greater mummy
 16920 | D        | Killed a guardian mummy
 17081 | D        | Killed a greater mummy
 17314 | D        | Killed a mummy priest
 17326 | D        | Got a golden rune of Zot
 17364 | D        | Learned a level 6 spell: Poisonous Cloud
 17413 | D        | Got a heavily runed copper amulet
 17415 | D        | Identified the amulet of Ofaricoj {Stasis Str+5} (You acquired it in the Dungeon)
 17417 | D        | Got a bound marble ring
 17419 | D        | Identified the ring of Vas Qoss {rPois rC+ Stlth+} (You acquired it in the Dungeon)
 17425 | D        | Got a smoking pewter amulet
 17427 | D        | Identified the amulet of Ephemeral Luck {Stasis rF+ SInv} (You acquired it in the Dungeon)
 17619 | D        | Noticed a yaktaur captain
 17619 | D        | Noticed a yaktaur
 17619 | D        | Noticed a yaktaur
 17622 | D        | Killed a yaktaur captain
 17626 | D        | Killed a yaktaur
 17629 | D        | Noticed a yaktaur
 17630 | D        | Killed a yaktaur
 17635 | D        | Killed a yaktaur
 17643 | D        | Noticed Azrael
 17645 | D        | Killed Azrael
 17784 | D        | Noticed a skeletal warrior
 17819 | D        | Killed a skeletal warrior
 17972 | D        | Noticed a fire elementalist statue
 17972 | D        | Noticed a water elementalist statue
 17972 | D        | Noticed an earth elementalist statue
 17972 | D        | Noticed an air elementalist statue
 17975 | D        | Killed a water elementalist statue
 17978 | D        | Killed a fire elementalist statue
 17981 | D        | Killed an earth elementalist statue
 18130 | D        | Killed an air elementalist statue
 18157 | D        | Noticed an eight-headed hydra simulacrum
 18157 | D        | Noticed an iron troll simulacrum
 18158 | D        | Noticed a golden dragon zombie
 18158 | D        | Noticed Boris
 18158 | D        | Noticed an anaconda simulacrum
 18158 | D        | Noticed a spectral iron dragon
 18159 | D        | Killed an anaconda simulacrum
 18161 | D        | Killed an eight-headed hydra simulacrum
 18168 | D        | Killed an iron troll simulacrum
 18181 | D        | Killed a golden dragon zombie
 18181 | D        | Reached skill level 5 in Shields
 18188 | D        | Blown up by Boris

Vault maps used:
D:        dungeon_sprint_mu

Action                   |  1- 3 |  4- 6 |  7- 9 | 10-12 | 13-15 | 16-18 || total
-------------------------+-------+-------+-------+-------+-------+-------++-------
Melee: Dagger            |    17 |    28 |    80 |    89 |    75 |       ||   289
       Quick blade       |       |       |       |       |   244 |    82 ||   326
Throw: Throwing net      |       |       |       |       |     6 |     3 ||     9
 Cast: Corona            |     2 |       |     1 |       |     1 |       ||     4
       Ensorcelled Hiber |     2 |     3 |    26 |    24 |    33 |       ||    88
       Dazzling Spray    |       |    12 |     5 |    51 |   135 |    38 ||   241
       Tukima's Dance    |       |     3 |       |     2 |    24 |     4 ||    33
       Confuse           |       |       |     3 |     2 |     9 |     2 ||    16
       Passage of Golubr |       |       |       |       |    11 |       ||    11
       Venom Bolt        |       |       |       |       |    63 |     1 ||    64
       Invisibility      |       |       |       |       |     7 |     1 ||     8
       Mephitic Cloud    |       |       |       |       |     7 |       ||     7
       Darkness          |       |       |       |       |     6 |     1 ||     7
       Lee's Rapid Decon |       |       |       |       |    24 |    39 ||    63
Invok: Shadow Step       |       |       |       |    14 |    23 |       ||    37
 Abil: Evoke Flight      |       |       |       |       |       |     2 ||     2
Evoke: Wand              |       |       |       |       |     3 |       ||     3
  Use: Potion            |     1 |     4 |       |     1 |     6 |     3 ||    15
       Scroll            |       |     1 |       |       |    12 |    15 ||    28
 Stab: Sleeping          |     3 |     5 |    18 |    54 |    63 |     3 ||   146
       Invisible         |       |     1 |     3 |     9 |    16 |     4 ||    33
       Confused          |       |       |     1 |       |     5 |       ||     6
       Distracted        |       |       |     1 |       |     7 |       ||     8
       Held in net/web   |       |       |       |       |     4 |     5 ||     9
  Eat: Bread ration      |       |       |     1 |       |       |       ||     1
       Fruit             |       |       |       |       |     9 |       ||     9
       Royal jelly       |       |       |       |       |     4 |     1 ||     5
